 Dungeon Crawl Stone Soup version 0.29.1-1-gd02db6906a (webtiles) character file.

Game seed: 12456684098995704358

73 byup the Ruffian (level 4, 0/44 HPs)
             Began as a Troll Berserker on Oct 13, 2022.
             Was a Believer of Trog.
             Slain by an orc
             ... wielding a +0 flail
              (4 damage)
             ... on level 2 of the Dungeon.
             The game lasted 00:07:21 (1277 turns).

byup the Ruffian (Troll Berserker)                  Turns: 1277, Time: 00:07:21

Health: 0/44       AC:  4    Str: 25    XL:     4   Next: 8%
Magic:  3/3        EV: 10    Int:  3    God:    Trog [**....]
Gold:   82         SH:  0    Dex: 11    Spells: 3/3 levels left

rFire   . . .      SeeInvis .     - Unarmed
rCold   . . .      Faith    .   (no shield)
rNeg    . . .      Spirit   .   a - +0 animal skin
rPois   .          Reflect  .   (helmet restricted)
rElec   .          Harm     .   (no cloak)
rCorr   .          Rampage  .   (gloves unavailable)
Will    .....                   (boots unavailable)
Stlth   +.........              (no amulet)
HPRegen 0.94/turn               (no ring)
MPRegen 0.08/turn               (no ring)

@: no status effects
A: large, unfitting armour, claws 3, regeneration 1, shaggy fur 1, tough skin 1
a: Renounce Religion, Berserk, Trog's Hand


You were on level 2 of the Dungeon.
You worshipped Trog.
Trog was pleased with you.
You visited 1 branch of the dungeon, and saw 2 of its levels.

You collected 82 gold pieces.

Inventory:

Missiles
 e - 9 stones (quivered)
Armour
 a - a +0 animal skin (worn)
Scrolls
 b - 2 scrolls of identify
 c - a scroll of teleportation {unknown}
 d - a scroll of magic mapping {unknown}
Potions
 f - 2 potions of attraction
 g - a potion of degeneration {unknown}
 h - a potion of mutation {unknown}
 i - a potion of berserk rage {unknown}


   Skills:
 + Level 2.7 Fighting
 + Level 3.0 Dodging
 + Level 0.4 Stealth
 + Level 3.9 Unarmed Combat


You had 3 spell levels left.
You didn't know any spells.
Your spell library was empty.

Dungeon Overview and Level Annotations

Branches:
Dungeon (2/15)

Altars:
Ashenzari


Innate Abilities, Weirdness & Mutations

You are too large for most types of armour.
You have claws for hands.
Your natural rate of healing is unusually fast.
You are covered in fur. (AC +1)
You have tough skin. (AC +1)


Message History

The adder bites you.
You claw the rat!
You kill the rat!
Trog accepts your kill. The adder bites you.
You are poisoned.
The adder poisons you!
You feel sick. The adder bites you but does no damage.
You feel sick. The adder bites you. The adder bites you but does no damage.
You claw the adder!
The adder is severely wounded.
You feel sick. The adder closely misses you.
You miss the adder.
The adder is severely wounded.
You feel sick. The adder bites you but does no damage.
You scratch the adder.
You kill the adder!
Trog accepts your kill.
You feel sick.
You are no longer poisoned.
You have reached level 4! 2 orcs come into view.
The orc shouts!
An orc comes into view. It is wielding a +0 war axe.
The orc shouts!
The orc closely misses you.
You scratch the orc but do no damage. The orc closely misses you.
You scratch the orc.
The orc is almost dead.
The orc hits you with a +0 flail. The orc hits you with a +0 war axe!
The orc hits you with a +0 flail!
You barely miss the orc. The orc hits you with a +0 flail!
The orc hits you with a +0 war axe! The orc hits you with a +0 flail.
* * * LOW HITPOINT WARNING * * *
You closely miss the orc. The orc barely misses you.
The orc hits you with a +0 war axe!
* * * LOW HITPOINT WARNING * * *
The orc hits you but does no damage. The orc attacks as you move away!
The orc hits you with a +0 flail.
You die...

#..##...#.# #.##.#.#
#..#....#.# #.#.#.#
##.#....#.# .#...#
#.#...##.## #.#.#
..#..##...# #.#.#
....##.#.#.# ##
#.#..##....##
#..##o##..##.#..##
#o@...#..#.##..#
#.....o###.##...###.#
.....## #..........#
#### ############


You could see 3 orcs.

Vanquished Creatures
  An adder (D:2)
  5 dart slugs
  6 ball pythons
  2 endoplasms (D:1)
  3 giant cockroaches
  2 goblins (D:1)
  8 hobgoblins
  5 jackals (D:2)
  2 bats (D:1)
  5 frilled lizards
  4 kobolds
  8 rats
51 creatures vanquished.

Notes
Turn   | Place    | Note
-------+----------+-------------------------------------------
     0 | D:1      | byup the Troll Berserker began the quest for the Orb.
     0 | D:1      | Reached XP level 1. HP: 22/22 MP: 0/0
   231 | D:1      | Reached XP level 2. HP: 29/29 MP: 1/1
   394 | D:1      | Found a faded altar of an unknown god.
   469 | D:1      | Reached ** piety under Trog
   495 | D:1      | Reached XP level 3. HP: 36/36 MP: 2/2
  1058 | D:2      | Found a broken altar of Ashenzari.
  1254 | D:2      | Reached XP level 4. HP: 36/44 MP: 3/3
  1277 | D:2      | Slain by an orc

Illustrated notes

Levels and vault maps discovered:
D:1:      noname_arrival_rooms_in_the_neighbourhood, layout_basic,
          dreamdust_ecumenical_altar_statues, minmay_tromino_v4_c
D:2:      layout_basic, basic_altar, minmay_parallelograms

Skill      XL: |  1  2  3 |
---------------+----------+-----
Dodging        | 3 |  3.0
Fighting       | |  2.7
Stealth        | |  0.4
Unarmed Combat | |  3.9

Action                   |  1- 3 |  4- 6 || total
-------------------------+-------+-------++-------
Melee: Unarmed           |    85 |     4 ||    89
       Punch             |     2 |       ||     2
Throw: Stone             |     2 |       ||     2
  Use: Scroll            |     1 |       ||     1
 Stab: Sleeping          |     3 |       ||     3
Armor: Animal skin       |    28 |     1 ||    29
Dodge: Dodged            |    36 |     3 ||    39
